 Dungeon Crawl Stone Soup version 0.26-a0-597-gb535b0901c (webtiles) character file.

Game seed: 16866176174088021209

419 Lanoc the Charlatan (level 7, -2/41 HPs)
             Began as a Kobold Artificer on Sept 4, 2020.
             Killed by divine providence
             ... invoked by an orc priest
              (12 damage)
             ... on level 3 of the Dungeon.
             The game lasted 00:04:32 (3405 turns).

Lanoc the Charlatan (Kobold Artificer)              Turns: 3405, Time: 00:04:33

Health: -2/41      AC:  3    Str:  9    XL:     7   Next: 16%
Magic:  7/7        EV: 16    Int: 12    God:
Gold:   108        SH:  0    Dex: 18    Spells: 6/6 levels left

rFire    . . .     SeeInvis .   a - +0 club
rCold    . . .     Faith    .   (shield restricted)
rNeg     . . .     Spirit   .   b - +0 leather armour
rPois    .         Reflect  .   (no helmet)
rElec    .         Harm     .   (no cloak)
rCorr    .                      (no gloves)
MR       .....                  (no boots)
Stlth    +++.......             (no amulet)
HPRegen  0.13/turn              (no ring)
MPRegen  0.10/turn              (no ring)

@: no status effects
A: small, nightstalker 3
a: no special abilities


You were on level 3 of the Dungeon.
You visited 1 branch of the dungeon, and saw 3 of its levels.

You collected 108 gold pieces.

Inventory:

Hand Weapons
 a - a +0 club (weapon)
Missiles
 o - 5 curare-tipped darts (quivered)
Armour
 b - a +0 leather armour (worn)
Wands
 d - a wand of enslavement (6)
 e - a wand of random effects (3)
 j - a wand of disintegration (5)
Scrolls
 c - a scroll of noise {unknown}
 f - a scroll of remove curse {unknown}
 g - 5 scrolls of identify {unknown}
 h - a scroll of enchant armour {unknown}
Potions
 i - a potion of brilliance {unknown}
 k - a potion of curing {unknown}
 l - a potion of mutation {unknown}
 m - a potion of flight {unknown}
 n - a potion of haste
 p - a potion of heal wounds {unknown}


   Skills:
 + Level 3.3 Fighting
 + Level 2.4 Armour
 + Level 4.3 Dodging
 - Level 1.3 Stealth
 * Level 6.4 Evocations


You had 6 spell levels left.
You didn't know any spells.
Your spell library was empty.

Dungeon Overview and Level Annotations

Branches:
Dungeon (3/15)

Altars:
Gozag
Nemelex Xobeh
Yredelemnul

Annotations:
D:3 2 runed translucent doors


Innate Abilities, Weirdness & Mutations

You are small and have problems with some larger weapons.
You are completely attuned to the shadows.


Message History

Aim: a water moccasin (chance to defeat MR: 65%)
The water moccasin struggles to resist.
The goblin barely misses your orc priest.
Something hits you but does no damage. The water moccasin bites you.
* * * LOW HITPOINT WARNING * * *
The giant cockroach waves its antennae.
The giant cockroach bites you.
* * * LOW HITPOINT WARNING * * *
Your orc priest hits something but does no damage.
Something hits your orc priest.
You see here a leather armour.
Evoke which item? (* to show all) (? for menu, Esc to quit)
Aiming: Enslavement
Press: ? - help, Shift-Dir - straight line, f/p - water moccasin
Aim: a water moccasin (chance to defeat MR: 65%)
The water moccasin is charmed.
The giant cockroach bites your water moccasin but does no damage.
You hear something invoke the aid of Beogh against you.
Beogh smites you!
You die...

#....#..................
##.#.#..................
#.#.# .............# #...#
............# ##..#
...........#### #..#...
...........)..# #..#.. ..
..............# ###..#.#
...###....(......#
.....#.#.#...###@..........#
##.............S######...###
###...........s# #...#
#............#
#...........o#
#.#>........!# .....g)...
.....[.... ....†....


You could see a giant cockroach, a friendly water moccasin (charmed) and a
friendly orc priest (charmed).

Vanquished Creatures
  Grinder (D:3)
  An ogre (D:3)
  An orc priest (D:3)
  3 gnolls (D:2)
  3 adders
  A worm (D:3)
  A leopard gecko (D:2)
  2 orcs (D:3)
  6 giant cockroaches
  5 hobgoblins
  6 jackals (D:2)
  3 kobolds
  A quokka (D:2)
  A ball python (D:2)
  5 bats
  A frilled lizard (D:2)
  6 goblins
  5 rats
52 creatures vanquished.

Vanquished Creatures (collateral kills)
  3 orcs (D:3)
  A frilled lizard (D:3)
  A kobold (D:3)
5 creatures vanquished.

Vanquished Creatures (others)
  2 orc priests (D:3)
  A jackal (D:2)
3 creatures vanquished.

Grand Total: 60 creatures vanquished

Notes
Turn   | Place    | Note
-------+----------+-------------------------------------------
     0 | D:1      | Lanoc the Kobold Artificer began the quest for the Orb.
     0 | D:1      | Reached XP level 1. HP: 12/12 MP: 1/1
   160 | D:2      | Found a sparkling altar of Nemelex Xobeh.
   163 | D:2      | Reached skill level 1 in Armour
   163 | D:2      | Reached skill level 4 in Evocations
   163 | D:2      | Reached XP level 2. HP: 16/16 MP: 2/2
   167 | D:2      | Reached XP level 3. HP: 12/20 MP: 3/3
   376 | D:2      | Reached XP level 4. HP: 17/26 MP: 4/4
  1289 | D:2      | Found an opulent altar of Gozag.
  2198 | D:2      | Found a basalt altar of Yredelemnul.
  2794 | D:3      | Reached skill level 5 in Evocations
  2794 | D:3      | Reached XP level 5. HP: 28/31 MP: 5/5
  2826 | D:3      | Found a large runed translucent door.
  2827 | D:3      | Found a large runed translucent door.
  3015 | D:3      | Noticed Grinder
  3021 | D:3      | Killed Grinder
  3021 | D:3      | Reached skill level 6 in Evocations
  3021 | D:3      | Reached XP level 6. HP: 24/37 MP: 6/6
  3210 | D:3      | Noticed an ogre
  3212 | D:3      | Killed an ogre
  3212 | D:3      | Reached XP level 7. HP: 41/41 MP: 7/7
  3398 | D:3      | Noticed a water moccasin
  3405 | D:3      | Killed from afar by an orc priest

Illustrated notes

Levels and vault maps discovered:
D:1:      minmay_arrival_three_doors, layout_loops_ring
D:2:      wad_river_or_something, layout_basic, nicolae_overflow_hidden_temple,
          lemuel_crystal_altar, lemuel_coloured_pillars_altar
D:3:      layout_basic, ebering_ghost_disaster_area, minmay_misc_feat_rows,
          uniq_grinder

Skill      XL: |  1  2  3  4  5 |
---------------+----------------+-----
Armour         | 1 2 |  2.4
Evocations     | 4 5 6 |  6.4
Dodging        | 3 4 |  4.3
Fighting       | 2 3 |  3.3
Stealth        | |  1.3

Action                   |  1- 3 |  4- 6 |  7- 9 || total
-------------------------+-------+-------+-------++-------
Melee: Club              |    35 |   128 |    24 ||   187
Evoke: Wand              |    14 |    21 |    11 ||    46
 Stab: Sleeping          |     5 |    14 |     3 ||    22
Armor: Leather armour    |    17 |    22 |    10 ||    49
Dodge: Dodged            |    53 |   121 |    23 ||   197

Table legend: (Time is in decaauts)
 A = Elapsed time spent in this place.
 B = Non-inter-level travel time spent in this place.
 C = Inter-level travel time spent in this place.
 D = Time resting spent in this place.
 E = Time spent auto-exploring this place.
 F = Levels seen in this place.
 G = Mean time per level.
                   A        B        C        D        E       F      G
               +--------+--------+--------+--------+--------+-----+--------+
         Total |   3462 |   3402 |     60 |    610 |   2291 |   3 | 1154.0 |
       Dungeon |   3462 |   3402 |     60 |    610 |   2291 |   3 | 1154.0 |
               +--------+--------+--------+--------+--------+-----+--------+

Top non-repeatable levels by time:
     D:2: 2502 daAuts
     D:3: 797 daAuts
     D:1: 163 daAuts
